 Dungeon Crawl Stone Soup version 0.30.0-5-g1a98f26d00 (webtiles) character file.

Game seed: 13657816563298504970

149 cheesebisquit the Shooter (level 5, -6/42 HPs)
             Began as a Minotaur Hunter on May 8, 2023.
             Mangled by Grinder (8 damage)
             ... while paralysed by Grinder
             ... on level 4 of the Dungeon.
             The game lasted 00:08:01 (2491 turns).

cheesebisquit the Shooter (Minotaur Hunter)         Turns: 2491, Time: 00:08:02

Health: -6/42      AC:  6    Str: 27    XL:     5   Next: 9%
Magic:  4/4        EV:  2    Int:  6    God:
Gold:   94         SH:  0    Dex: 16    Spells: 4/4 levels left

rFire   + . .        a - +1 shortbow
rCold   . . .        (shield currently unavailable)
rNeg    . . .        g - +2 leather armour {rF+}
rPois   .            (helmet restricted)
rElec   .            q - +0 cloak
rCorr   .            (no gloves)
SInv    .            (no boots)
Will    .....        (no amulet)
Stlth   +            e - +6 ring of strength
HPRegen 0.27/turn    l - +6 ring of strength
MPRegen 0.09/turn

%: no passive effects
@: paralysed
A: horns 2, retaliatory headbutt
a: no special abilities


You were on level 4 of the Dungeon.
You visited 2 branches of the dungeon, and saw 5 of its levels.

You collected 178 gold pieces.
You spent 84 gold pieces at shops.

Inventory:

Hand Weapons
 a - a +1 shortbow (weapon)
Missiles
 h - 5 curare-tipped darts
 r - 3 poisoned darts
Armour
 g - a +2 leather armour of fire resistance (worn)
 q - a +0 cloak (worn)
Jewellery
 e - a +6 ring of strength (left hand)
 l - a +6 ring of strength (right hand)
Scrolls
 b - a scroll of immolation
 j - 2 scrolls of magic mapping
 n - a scroll of fear {unknown}
 o - a scroll of blinking {unknown}
 p - a scroll of teleportation {unknown}
Potions
 d - a potion of mutation {unknown}
 f - 2 potions of brilliance
 i - 2 potions of curing
 k - 3 potions of invisibility
 m - a potion of flight


   Skills:
 - Level 2.4 Fighting
 + Level 7.1 Ranged Weapons
 - Level 2.1 Dodging
 - Level 0.7 Stealth


You had 4 spell levels left.
You didn't know any spells.
Your spell library contained the following spells:

 Spells                   Type           Power      Damage    Failure   Level
 Slow                     Hex            0%         N/A       50%         1
 Sublimation of Blood     Necr           0%         N/A       63%         2
 Wereblood                Tmut           0%         N/A       63%         2
 Confusing Touch          Hex            0%         N/A       86%         3
 Vampiric Draining        Necr           0%         2d6       86%         3
 Summon Hydra             Summ           0%         N/A       100%        7


Dungeon Overview and Level Annotations

Branches:
Dungeon (4/15)             Temple (1/1) D:4

Altars:
Ashenzari
Elyvilon
Kikubaaqudgha
Nemelex Xobeh
Okawaru
Ru
Sif Muna
Trog
Uskayaw
Vehumet
Wu Jian
Xom
Yredelemnul
Zin

Shops:
D:2 ?

Annotations:
D:4 Grinder


Innate Abilities, Weirdness & Mutations

You have a pair of horns on your head.
You reflexively headbutt those who attack you in melee.


Message History

You shoot an arrow. The arrow hits Grinder.
Grinder is severely wounded.
Grinder hits you! The endoplasm freezes you.
You are frozen.
You are too injured to fight recklessly!
You are too injured to fight recklessly!
You are too injured to fight recklessly!
You are too injured to fight recklessly!
You are too injured to fight recklessly!
The endoplasm freezes you.
You are frozen.
You are too injured to fight recklessly!
Grinder attacks as you move away! Grinder hits you!
* * * LOW HITPOINT WARNING * * *
You writhe in agony.
* * * LOW HITPOINT WARNING * * *
You feel much better. Grinder gestures at you. Pain shoots through your body!
You shoot an arrow. The arrow hits Grinder.
Grinder is almost dead.
Grinder barely misses you. The endoplasm barely misses you.
Grinder gestures at you.
You suddenly lose the ability to move!
The endoplasm freezes you.
You are frozen.
* * * LOW HITPOINT WARNING * * *
The endoplasm freezes you.
You are frozen.
* * * LOW HITPOINT WARNING * * *
Grinder gestures at you.
You barely resist.
The endoplasm hits you but does no damage.
Grinder hits you.
* * * LOW HITPOINT WARNING * * *
You writhe in agony.
* * * LOW HITPOINT WARNING * * *
Grinder hits you!
You die...

... .. ##
#... ..
.##.... #..
.#..... #..
.......
#..##....$..
#..#........
#..J5#......
##..@# ....#
#...## ..##
#..#..## ##
#.###..## ##
##..# #..##
##..## ##..#
##.##


You could see Grinder (strong) and an endoplasm.

Vanquished Creatures
  A scorpion (D:4)
  3 adders
  A worm (D:2)
  3 dart slugs
  5 ball pythons
  4 bats
  3 endoplasms
  3 giant cockroaches
  3 goblins
  4 hobgoblins
  4 jackals
  3 kobolds (D:1)
  5 quokkas
  3 frilled lizards
  4 rats
49 creatures vanquished.

Notes
Turn   | Place    | Note
-------+----------+-------------------------------------------
     0 | D:1      | cheesebisquit the Minotaur Hunter began the quest for the
                  | Orb.
     0 | D:1      | Reached XP level 1. HP: 18/18 MP: 0/0
   219 | D:1      | Reached XP level 2. HP: 25/25 MP: 1/1
   220 | D:1      | Reached skill level 5 in Ranged Weapons
  1078 | D:2      | Reached XP level 3. HP: 30/30 MP: 2/2
  1127 | D:2      | Found a faded altar of an unknown god.
  1312 | D:2      | Found Pico's Magic Scroll Shoppe.
  1320 | D:2      | Bought a scroll of identify for 28 gold pieces
  1320 | D:2      | Bought a scroll of identify for 28 gold pieces
  1320 | D:2      | Bought a scroll of identify for 28 gold pieces
  1414 | D:2      | Reached skill level 6 in Ranged Weapons
  2105 | D:4      | Reached XP level 4. HP: 37/37 MP: 3/3
  2226 | D:4      | Noticed a scorpion
  2232 | D:4      | Killed a scorpion
  2299 | D:4      | Found a staircase to the Ecumenical Temple.
  2312 | D:4      | Reached skill level 7 in Ranged Weapons
  2312 | D:4      | Reached XP level 5. HP: 42/42 MP: 4/4
  2316 | Temple   | Entered the Ecumenical Temple
  2478 | D:4      | Noticed Grinder
  2480 | D:4      | Paralysed by Grinder for 2 turns
  2488 | D:4      | Paralysed by Grinder for 4 turns
  2490 | D:4      | HP: 2/42 [Grinder (5)]
  2491 | D:4      | Mangled by Grinder

Illustrated notes

Levels and vault maps discovered:
D:1:      mushboom_english_gardens, layout_basic, serial_forest,
          infiniplex_forest_straight_4, infiniplex_forest_zigzag_1,
          infiniplex_forest_lined_3, infiniplex_forest_clump_cross,
          infiniplex_forest_zigzag_1, infiniplex_forest_clump_small,
          infiniplex_forest_lined_2, minivault_26, grunt_decor_mini_mirrors,
          minmay_misc_feat_square
D:2:      layout_basic, shapermc_ecumenical_altar_mp_ritualfount, serial_shops,
          shop, chequers_decorated_corner
D:3:      layout_loops_cross
D:4:      layout_cave_pods, minmay_temple_entry_stoned_glass, uniq_grinder,
          uniq_edmund
Temple:   jpeg_temple_clearing

Skill      XL: |  1  2  3  4 |
---------------+-------------+-----
Ranged Weapons | 5 6 7 |  7.1
Fighting       | |  2.4
Dodging        | |  2.1
Stealth        | |  0.7

Action                     |  1- 3 |  4- 6 || total
---------------------------+-------+-------++-------
   Fire: Shortbow          |   114 |    36 ||   150
    Use: Scroll            |    11 |     1 ||    12
         Potion            |       |     1 ||     1
 Armour: Leather armour    |    16 |     5 ||    21
  Dodge: Dodged            |    41 |    14 ||    55
